[ PARTIDA AOE2 · #475913345 ]
UnrankedJaponeses vs Slavs
[ ANÁLISIS DE REPETICIÓN · EXTRAÍDO DE LA PARTIDA GRABADA ]
Feudal
9:28
Castillos
24:05
Imperial
43:35
| APM promedio | 37.5 |
| APM pico | 60 |
| eAPM promedio | 22.9 |
| Aldeanos / militares | 196 / 304 |
Foco
⚔️ 42.1% · 🌾 57.9%
Spearman ×184 · Samurai ×48 · Archer ×31 · Militia ×24 · Trebuchet (Packed) ×12 · Scout Cavalry ×5
Feudal
8:58
Castillos
29:36
Imperial
—
| APM promedio | 53.6 |
| APM pico | 108 |
| eAPM promedio | 31.1 |
| Aldeanos / militares | 286 / 140 |
Foco
⚔️ 31.1% · 🌾 68.9%
Scout Cavalry ×87 · Monk ×21 · Knight ×17 · Scorpion ×5 · Battering Ram ×5 · Mangonel ×2
Feudal
—
Castillos
—
Imperial
—
| APM promedio | 36.5 |
| APM pico | 64 |
| eAPM promedio | 22.6 |
| Aldeanos / militares | 220 / 377 |
Foco
⚔️ 46.1% · 🌾 53.9%
Spearman ×158 · Knight ×87 · Scout Cavalry ×81 · Centurion ×19 · Scorpion ×13 · Battering Ram ×10
Feudal
10:32
Castillos
23:58
Imperial
45:17
| APM promedio | 48.2 |
| APM pico | 88 |
| eAPM promedio | 26.0 |
| Aldeanos / militares | 167 / 313 |
Foco
⚔️ 38.5% · 🌾 61.5%
Knight ×176 · Scout Cavalry ×61 · Spearman ×29 · Trebuchet (Packed) ×10 · Militia ×9 · Scorpion ×8
Mapa de la partida
Recursos iniciales + cada clic de construcción. Líneas = muros · curvas = relieve. ◆ oro · ⬟ piedra · ● bayas · ✦ reliquia · ◌ hueco del cierre
Tu base· ✓ Cerrada en 24:05 · 42t muro · sin puerta
Base de Pinguica12· ✓ Cerrada en 29:36 · 63t muro · 1 puerta(s)
Base de DiegoRH7955· Abierta — flanco sin cerrar
Base de [PyV] Guillermo Moreno· ✓ Cerrada en 23:58 · 58t muro · 1 puerta(s)
Terreno inicial suavizado · ◌ = hueco del cierre detectado · pasá el cursor para detalles
Inputs por minuto
— panzasmagno - - Pinguica12
Build order — panzasmagno
Primeras 150 de 730 acciones detectadas
| 0:01 | Crear | Villager (Male) |
| 0:01 | Crear | Villager (Male) |
| 0:02 | Construir | House |
| 0:04 | Construir | House |
| 0:13 | Crear | Villager (Male) |
| 0:14 | Crear | Villager (Male) |
| 1:27 | Crear | Villager (Male) |
| 2:02 | Crear | Villager (Male) |
| 2:14 | Crear | Villager (Male) |
| 2:46 | Crear | Villager (Male) |
| 2:46 | Crear | Villager (Male) |
| 3:12 | Crear | Villager (Male) |
| 3:15 | Construir | Lumber Camp |
| 3:42 | Crear | Villager (Male) |
| 4:00 | Construir | Mill |
| 4:04 | Construir | House |
| 4:23 | Crear | Villager (Male) |
| 4:28 | Crear | Villager (Male) |
| 5:09 | Crear | Villager (Male) |
| 5:31 | Crear | Villager (Male) |
| 5:31 | Crear | Villager (Male) |
| 5:57 | Construir | Mining Camp |
| 6:22 | Crear | Villager (Male) |
| 6:46 | Investigar | Loom |
| 7:17 | Investigar | Feudal Age |
| 7:31 | Construir | Barracks |
| 8:05 | Construir | House |
| 8:26 | Crear | Militia |
| 8:26 | Crear | Militia |
| 8:26 | Crear | Militia |
| 8:36 | Construir | House |
| 8:45 | Construir | House |
| 8:46 | Construir | Palisade Wall |
| 9:28 | Edad | Edad Feudal |
| 9:45 | Crear | Villager (Male) |
| 9:51 | Construir | Archery Range |
| 10:05 | Crear | Spearman |
| 10:13 | Crear | Villager (Male) |
| 10:19 | Construir | House |
| 10:20 | Construir | Palisade Wall |
| 10:39 | Crear | Villager (Male) |
| 10:42 | Investigar | Man-at-Arms (upgrade) |
| 10:45 | Crear | Villager (Male) |
| 10:51 | Construir | Mill |
| 11:24 | Crear | Villager (Male) |
| 11:25 | Crear | Archer |
| 11:51 | Crear | Villager (Male) |
| 11:51 | Crear | Villager (Male) |
| 12:08 | Crear | Archer |
| 12:16 | Crear | Spearman |
| 12:17 | Crear | Spearman |
| 12:28 | Construir | Farm |
| 12:34 | Construir | Blacksmith |
| 12:39 | Construir | House |
| 12:42 | Construir | House |
| 12:47 | Crear | Archer |
| 12:48 | Crear | Villager (Male) |
| 13:10 | Construir | Farm |
| 13:27 | Crear | Spearman |
| 13:32 | Crear | Archer |
| 13:33 | Crear | Archer |
| 13:45 | Construir | Farm |
| 13:46 | Construir | Farm |
| 14:21 | Crear | Spearman |
| 14:25 | Crear | Villager (Male) |
| 14:25 | Crear | Villager (Male) |
| 14:42 | Crear | Archer |
| 14:55 | Construir | Farm |
| 15:01 | Construir | Mining Camp |
| 15:02 | Construir | Farm |
| 15:15 | Crear | Archer |
| 15:32 | Construir | Farm |
| 15:33 | Crear | Villager (Male) |
| 15:36 | Crear | Villager (Male) |
| 15:40 | Investigar | Fletching |
| 15:40 | Investigar | Fletching |
| 15:56 | Crear | Archer |
| 15:57 | Crear | Archer |
| 16:15 | Crear | Archer |
| 16:15 | Crear | Archer |
| 16:23 | Crear | Villager (Male) |
| 16:28 | Construir | Palisade Wall |
| 16:30 | Construir | Palisade Wall |
| 16:34 | Crear | Villager (Male) |
| 16:37 | Construir | Palisade Wall |
| 16:39 | Crear | Villager (Male) |
| 16:48 | Crear | Spearman |
| 16:54 | Crear | Villager (Male) |
| 16:57 | Construir | House |
| 17:01 | Construir | Market |
| 17:22 | Crear | Spearman |
| 17:25 | Crear | Villager (Male) |
| 17:30 | Construir | Palisade Wall |
| 17:42 | Construir | House |
| 17:47 | Construir | Palisade Wall |
| 18:01 | Crear | Villager (Male) |
| 18:29 | Construir | House |
| 18:32 | Construir | House |
| 18:34 | Construir | Palisade Wall |
| 18:47 | Crear | Archer |
| 18:47 | Crear | Archer |
| 18:50 | Construir | Palisade Wall |
| 18:54 | Construir | Palisade Wall |
| 18:56 | Construir | Palisade Wall |
| 19:10 | Crear | Villager (Male) |
| 19:20 | Crear | Archer |
| 19:31 | Crear | Villager (Male) |
| 19:43 | Crear | Villager (Male) |
| 19:53 | Investigar | Padded Archer Armor |
| 20:13 | Crear | Villager (Male) |
| 21:03 | Construir | Farm |
| 21:25 | Investigar | Castle Age |
| 21:35 | Construir | Farm |
| 21:53 | Crear | Archer |
| 21:53 | Crear | Archer |
| 21:55 | Construir | Farm |
| 21:56 | Construir | Farm |
| 22:07 | Crear | Spearman |
| 22:07 | Crear | Spearman |
| 22:12 | Crear | Archer |
| 22:55 | Crear | Archer |
| 22:55 | Crear | Archer |
| 23:04 | Construir | Farm |
| 23:22 | Investigar | Padded Archer Armor |
| 23:24 | Crear | Archer |
| 23:25 | Crear | Archer |
| 24:05 | Crear | Villager (Male) |
| 24:05 | Edad | Edad de los Castillos |
| 24:05 | Crear | Villager (Male) |
| 24:12 | Investigar | Bodkin Arrow |
| 24:28 | Investigar | Double-Bit Axe |
| 24:55 | Investigar | Crossbowman (upgrade) |
| 24:59 | Crear | Villager (Male) |
| 25:02 | Construir | Town Center |
| 25:21 | Crear | Villager (Male) |
| 25:22 | Crear | Villager (Male) |
| 25:39 | Crear | Villager (Male) |
| 25:47 | Crear | Villager (Male) |
| 25:50 | Construir | Farm |
| 25:50 | Construir | Farm |
| 25:50 | Construir | Farm |
| 25:58 | Crear | Villager (Male) |
| 26:12 | Construir | Farm |
| 26:13 | Construir | Farm |
| 26:29 | Crear | Villager (Male) |
| 26:31 | Construir | Farm |
| 26:32 | Crear | Villager (Male) |
| 26:42 | Crear | Villager (Male) |
| 26:55 | Construir | University |
| 27:06 | Crear | Villager (Male) |
Build order — Pinguica12
Primeras 150 de 747 acciones detectadas
| 0:00 | Crear | Villager (Male) ×4 |
| 0:02 | Construir | House |
| 0:03 | Construir | House |
| 1:29 | Crear | Villager (Male) |
| 1:52 | Construir | Lumber Camp |
| 2:05 | Crear | Villager (Male) |
| 2:21 | Crear | Villager (Male) |
| 2:45 | Crear | Villager (Male) |
| 3:05 | Crear | Villager (Male) |
| 3:23 | Construir | House |
| 3:45 | Crear | Villager (Male) |
| 3:45 | Crear | Villager (Male) |
| 3:45 | Crear | Villager (Male) |
| 4:33 | Construir | Palisade Wall |
| 4:35 | Crear | Villager (Male) |
| 4:57 | Construir | Palisade Wall |
| 4:59 | Construir | Palisade Wall |
| 5:01 | Crear | Villager (Male) |
| 5:02 | Crear | Villager (Male) |
| 5:02 | Crear | Villager (Male) |
| 5:18 | Crear | Villager (Male) |
| 5:51 | Construir | Mill |
| 5:56 | Investigar | Loom |
| 6:48 | Investigar | Feudal Age |
| 8:18 | Construir | Barracks |
| 8:27 | Construir | House |
| 8:32 | Construir | Palisade Wall |
| 8:50 | Crear | Villager (Male) |
| 8:50 | Crear | Villager (Male) |
| 8:58 | Edad | Edad Feudal |
| 9:03 | Construir | Stable |
| 9:06 | Construir | Palisade Wall |
| 9:08 | Crear | Villager (Male) |
| 9:42 | Crear | Villager (Male) |
| 9:44 | Construir | Farm |
| 9:46 | Construir | Farm |
| 9:58 | Crear | Scout Cavalry |
| 9:58 | Crear | Scout Cavalry |
| 10:04 | Construir | Farm |
| 10:05 | Construir | Farm |
| 10:28 | Construir | Farm |
| 10:39 | Construir | Palisade Wall |
| 10:44 | Crear | Villager (Male) |
| 10:44 | Crear | Villager (Male) |
| 11:03 | Construir | House |
| 11:05 | Construir | House |
| 11:08 | Construir | Palisade Wall |
| 11:09 | Construir | Palisade Wall |
| 11:11 | Construir | Palisade Wall |
| 11:12 | Construir | Palisade Wall |
| 11:13 | Construir | Palisade Wall |
| 11:19 | Crear | Villager (Male) |
| 11:25 | Crear | Scout Cavalry |
| 11:37 | Crear | Militia |
| 11:40 | Crear | Spearman |
| 11:50 | Crear | Villager (Male) |
| 11:59 | Crear | Villager (Male) |
| 12:11 | Crear | Villager (Male) |
| 12:18 | Crear | Villager (Male) |
| 12:19 | Crear | Scout Cavalry |
| 12:27 | Construir | Palisade Wall |
| 12:29 | Construir | Farm |
| 12:30 | Crear | Villager (Male) |
| 12:41 | Crear | Scout Cavalry |
| 13:00 | Crear | Villager (Male) |
| 13:03 | Crear | Spearman |
| 13:13 | Crear | Villager (Male) |
| 13:21 | Construir | Farm |
| 13:25 | Construir | Farm |
| 13:33 | Crear | Villager (Male) |
| 13:43 | Construir | Farm |
| 13:44 | Crear | Villager (Male) |
| 14:09 | Crear | Scout Cavalry |
| 14:10 | Crear | Villager (Male) |
| 14:22 | Crear | Scout Cavalry |
| 14:37 | Crear | Scout Cavalry |
| 14:41 | Construir | Farm |
| 14:43 | Construir | Farm |
| 14:49 | Crear | Villager (Male) |
| 14:57 | Construir | Farm |
| 15:00 | Construir | Farm |
| 15:14 | Construir | Farm |
| 15:14 | Crear | Villager (Male) |
| 15:35 | Crear | Scout Cavalry |
| 16:13 | Crear | Villager (Male) |
| 16:14 | Crear | Villager (Male) |
| 16:19 | Crear | Villager (Male) |
| 16:27 | Crear | Villager (Male) |
| 16:31 | Construir | Lumber Camp |
| 16:44 | Construir | House |
| 16:47 | Construir | Palisade Wall |
| 16:50 | Crear | Villager (Male) |
| 17:05 | Investigar | Wheelbarrow |
| 17:09 | Construir | House |
| 17:14 | Construir | Palisade Wall |
| 17:19 | Crear | Villager (Male) |
| 17:23 | Investigar | Double-Bit Axe |
| 17:26 | Construir | Farm |
| 17:26 | Crear | Villager (Male) |
| 17:27 | Crear | Villager (Male) |
| 17:31 | Crear | Villager (Male) |
| 17:35 | Construir | Palisade Gate |
| 17:50 | Crear | Scout Cavalry |
| 17:54 | Construir | Palisade Wall |
| 18:00 | Construir | Farm |
| 18:02 | Construir | Farm |
| 18:14 | Crear | Scout Cavalry |
| 18:24 | Construir | House |
| 18:28 | Construir | Palisade Wall |
| 18:30 | Crear | Scout Cavalry |
| 18:44 | Construir | Palisade Wall |
| 18:49 | Construir | Mining Camp |
| 19:11 | Construir | House |
| 19:13 | Construir | House |
| 19:14 | Construir | House |
| 19:15 | Construir | House |
| 19:23 | Crear | Villager (Male) |
| 19:26 | Construir | Farm |
| 19:43 | Crear | Scout Cavalry |
| 19:43 | Crear | Scout Cavalry |
| 19:44 | Crear | Villager (Male) |
| 19:59 | Construir | House |
| 20:01 | Construir | House |
| 20:17 | Crear | Villager (Male) |
| 20:19 | Construir | Blacksmith |
| 20:28 | Construir | Farm |
| 20:49 | Construir | Palisade Wall |
| 20:52 | Crear | Villager (Male) |
| 20:56 | Investigar | Scale Barding Armor |
| 21:18 | Crear | Scout Cavalry |
| 21:19 | Crear | Villager (Male) |
| 21:28 | Construir | Palisade Wall |
| 21:39 | Construir | Lumber Camp |
| 21:45 | Investigar | Forging |
| 22:05 | Crear | Villager (Male) |
| 22:15 | Construir | Farm |
| 22:18 | Construir | Palisade Wall |
| 22:48 | Crear | Scout Cavalry |
| 22:48 | Crear | Scout Cavalry |
| 22:48 | Crear | Scout Cavalry |
| 22:56 | Crear | Villager (Male) |
| 22:59 | Construir | Stable |
| 23:05 | Construir | Farm |
| 23:12 | Construir | Farm |
| 23:24 | Construir | Farm |
| 23:34 | Construir | Palisade Wall |
| 23:37 | Construir | Palisade Wall |
| 23:41 | Construir | Farm |
| 23:41 | Crear | Scout Cavalry |
| 23:43 | Crear | Scout Cavalry |
Build order — DiegoRH7955
Primeras 150 de 889 acciones detectadas
| 0:02 | Crear | Villager (Male) |
| 0:02 | Crear | Villager (Male) |
| 0:03 | Crear | Villager (Male) |
| 0:04 | Construir | House |
| 0:06 | Construir | House |
| 0:11 | Construir | House |
| 0:37 | Crear | Villager (Male) |
| 1:28 | Crear | Villager (Male) |
| 1:58 | Construir | Lumber Camp |
| 2:10 | Crear | Villager (Male) |
| 2:31 | Crear | Villager (Male) |
| 2:57 | Crear | Villager (Male) |
| 3:09 | Construir | House |
| 3:14 | Crear | Villager (Male) |
| 4:01 | Crear | Villager (Male) |
| 4:30 | Construir | Mill |
| 4:37 | Crear | Villager (Male) |
| 4:37 | Crear | Villager (Male) |
| 4:52 | Investigar | Loom |
| 5:11 | Construir | Palisade Wall |
| 5:13 | Construir | Palisade Wall |
| 5:41 | Crear | Villager (Male) |
| 5:41 | Crear | Villager (Male) |
| 5:41 | Crear | Villager (Male) |
| 6:18 | Crear | Villager (Male) |
| 6:41 | Crear | Villager (Male) |
| 7:03 | Construir | Mill |
| 7:44 | Investigar | Feudal Age |
| 7:57 | Construir | Palisade Wall |
| 7:59 | Construir | Palisade Wall |
| 8:02 | Construir | Palisade Wall |
| 8:07 | Construir | Palisade Wall |
| 8:08 | Construir | Palisade Wall |
| 8:32 | Construir | Barracks |
| 9:07 | Crear | Villager (Male) |
| 9:29 | Construir | House |
| 10:03 | Construir | Stable |
| 10:21 | Investigar | Double-Bit Axe |
| 10:30 | Construir | Farm |
| 10:31 | Crear | Villager (Male) |
| 10:31 | Crear | Villager (Male) |
| 10:42 | Construir | Palisade Wall |
| 10:49 | Construir | House |
| 10:57 | Construir | Lumber Camp |
| 11:00 | Crear | Scout Cavalry |
| 11:00 | Crear | Scout Cavalry |
| 11:15 | Crear | Villager (Male) |
| 11:32 | Construir | Farm |
| 11:46 | Crear | Villager (Male) |
| 11:52 | Construir | Farm |
| 11:56 | Construir | Farm |
| 12:03 | Construir | Farm |
| 12:04 | Construir | Farm |
| 12:14 | Construir | Palisade Wall |
| 12:16 | Construir | Palisade Wall |
| 12:18 | Construir | Palisade Wall |
| 12:20 | Construir | Palisade Wall |
| 12:28 | Construir | Farm |
| 12:30 | Construir | Farm |
| 12:44 | Crear | Villager (Male) |
| 12:47 | Crear | Scout Cavalry |
| 12:48 | Crear | Scout Cavalry |
| 13:12 | Crear | Scout Cavalry |
| 13:12 | Crear | Scout Cavalry |
| 13:23 | Construir | House |
| 13:26 | Crear | Villager (Male) |
| 13:39 | Construir | Farm |
| 13:41 | Crear | Villager (Male) |
| 14:08 | Crear | Villager (Male) |
| 14:08 | Crear | Villager (Male) |
| 14:16 | Construir | Mining Camp |
| 14:26 | Crear | Scout Cavalry |
| 14:38 | Construir | House |
| 15:00 | Crear | Spearman |
| 15:00 | Crear | Spearman |
| 15:10 | Crear | Villager (Male) |
| 15:24 | Crear | Villager (Male) |
| 15:38 | Construir | Farm |
| 15:39 | Construir | Farm |
| 15:42 | Construir | House |
| 15:45 | Construir | Palisade Wall |
| 15:46 | Construir | Palisade Wall |
| 15:55 | Investigar | Wheelbarrow |
| 15:55 | Investigar | Wheelbarrow |
| 16:08 | Crear | Scout Cavalry |
| 16:08 | Crear | Scout Cavalry |
| 16:15 | Construir | Farm |
| 16:25 | Crear | Villager (Male) |
| 16:40 | Construir | Market |
| 16:46 | Crear | Villager (Male) |
| 17:25 | Crear | Villager (Male) |
| 17:39 | Construir | House |
| 17:52 | Construir | Farm |
| 17:53 | Crear | Villager (Male) |
| 18:02 | Construir | Blacksmith |
| 18:10 | Construir | Farm |
| 18:11 | Crear | Villager (Male) |
| 18:29 | Crear | Villager (Male) |
| 18:34 | Crear | Scout Cavalry |
| 18:35 | Crear | Scout Cavalry |
| 18:42 | Construir | Palisade Wall |
| 18:56 | Crear | Spearman |
| 19:02 | Construir | Palisade Wall |
| 19:03 | Construir | Palisade Wall |
| 19:13 | Crear | Spearman |
| 19:43 | Crear | Villager (Male) |
| 19:54 | Construir | House |
| 20:21 | Investigar | Castle Age |
| 20:21 | Investigar | Castle Age |
| 20:33 | Construir | Stable |
| 21:12 | Investigar | Scale Barding Armor |
| 21:25 | Investigar | Gold Mining |
| 21:25 | Investigar | Gold Mining |
| 21:50 | Construir | House |
| 22:14 | Investigar | Horse Collar |
| 22:14 | Investigar | Horse Collar |
| 22:16 | Crear | Villager (Male) |
| 22:16 | Crear | Villager (Male) |
| 22:36 | Construir | Palisade Wall |
| 22:45 | Investigar | Bloodlines |
| 23:03 | Construir | Stable |
| 23:05 | Crear | Knight |
| 23:06 | Crear | Knight |
| 23:06 | Crear | Knight |
| 23:19 | Construir | Town Center |
| 23:36 | Crear | Knight |
| 23:36 | Crear | Knight |
| 23:36 | Crear | Knight |
| 23:40 | Crear | Villager (Male) |
| 23:46 | Construir | Monastery |
| 23:50 | Construir | House |
| 23:58 | Construir | Farm |
| 24:03 | Crear | Knight |
| 24:03 | Crear | Knight |
| 24:07 | Construir | Farm |
| 24:15 | Crear | Villager (Male) |
| 24:23 | Construir | Palisade Wall |
| 24:28 | Construir | Palisade Gate |
| 24:29 | Crear | Monk |
| 24:49 | Crear | Villager (Male) |
| 24:49 | Crear | Villager (Male) |
| 24:50 | Crear | Villager (Male) |
| 25:09 | Crear | Knight |
| 25:09 | Crear | Knight |
| 25:09 | Crear | Knight |
| 25:19 | Crear | Villager (Male) |
| 25:19 | Crear | Villager (Male) |
| 25:21 | Crear | Villager (Male) |
| 25:25 | Construir | House |
| 25:26 | Construir | House |
Build order — [PyV] Guillermo Moreno
Primeras 150 de 586 acciones detectadas
| 0:09 | Crear | Villager (Male) |
| 0:10 | Crear | Villager (Male) |
| 0:10 | Crear | Villager (Male) |
| 0:10 | Crear | Villager (Male) |
| 0:11 | Construir | House |
| 0:12 | Construir | Barracks |
| 1:10 | Crear | Militia |
| 1:10 | Crear | Militia |
| 1:14 | Construir | House |
| 1:18 | Crear | Villager (Male) |
| 1:58 | Crear | Villager (Male) |
| 1:58 | Crear | Villager (Male) |
| 2:24 | Crear | Villager (Male) |
| 2:24 | Crear | Villager (Male) |
| 2:40 | Investigar | Loom |
| 2:45 | Crear | Villager (Male) |
| 2:46 | Crear | Villager (Male) |
| 3:10 | Construir | House |
| 3:34 | Crear | Villager (Male) |
| 4:00 | Crear | Villager (Male) |
| 4:01 | Crear | Villager (Male) |
| 4:36 | Crear | Villager (Male) |
| 4:36 | Crear | Villager (Male) |
| 5:01 | Crear | Villager (Male) |
| 5:01 | Crear | Villager (Male) |
| 5:13 | Construir | House |
| 5:17 | Construir | House |
| 5:27 | Crear | Villager (Male) |
| 5:27 | Crear | Villager (Male) |
| 5:41 | Crear | Villager (Male) |
| 5:41 | Crear | Villager (Male) |
| 5:42 | Crear | Villager (Male) |
| 5:52 | Construir | Lumber Camp |
| 6:15 | Crear | Villager (Male) |
| 6:15 | Crear | Villager (Male) |
| 6:15 | Crear | Villager (Male) |
| 6:39 | Investigar | Loom |
| 6:56 | Crear | Villager (Male) |
| 8:01 | Investigar | Feudal Age |
| 8:27 | Construir | Mill |
| 9:13 | Construir | Mill |
| 9:29 | Crear | Villager (Male) |
| 10:17 | Construir | Farm |
| 10:32 | Edad | Edad Feudal |
| 10:43 | Construir | Stable |
| 10:48 | Investigar | Double-Bit Axe |
| 10:48 | Investigar | Horse Collar |
| 10:50 | Crear | Villager (Male) |
| 10:59 | Crear | Villager (Male) |
| 11:01 | Crear | Spearman |
| 11:04 | Construir | House |
| 11:15 | Construir | Farm |
| 11:51 | Construir | House |
| 12:01 | Crear | Scout Cavalry |
| 12:10 | Crear | Villager (Male) |
| 12:14 | Crear | Scout Cavalry |
| 12:19 | Construir | House |
| 12:20 | Construir | Palisade Wall |
| 12:21 | Construir | Palisade Wall |
| 12:21 | Construir | Palisade Wall |
| 12:21 | Construir | Palisade Wall |
| 12:26 | Construir | Palisade Wall |
| 12:27 | Crear | Villager (Male) |
| 12:32 | Construir | Blacksmith |
| 12:33 | Construir | House |
| 12:51 | Crear | Spearman |
| 12:59 | Crear | Villager (Male) |
| 13:00 | Crear | Villager (Male) |
| 13:17 | Construir | House |
| 13:36 | Crear | Scout Cavalry |
| 13:36 | Crear | Scout Cavalry |
| 13:36 | Crear | Villager (Male) |
| 13:37 | Crear | Villager (Male) |
| 13:44 | Construir | Palisade Wall |
| 13:48 | Construir | Palisade Wall |
| 13:55 | Construir | Palisade Wall |
| 13:58 | Crear | Villager (Male) |
| 14:05 | Construir | House |
| 14:07 | Construir | House |
| 14:11 | Crear | Villager (Male) |
| 14:20 | Crear | Villager (Male) |
| 14:27 | Crear | Scout Cavalry |
| 14:27 | Crear | Scout Cavalry |
| 14:57 | Crear | Villager (Male) |
| 14:59 | Construir | Farm |
| 14:59 | Construir | Farm |
| 15:00 | Construir | Farm |
| 15:13 | Crear | Villager (Male) |
| 15:21 | Construir | Palisade Wall |
| 15:21 | Crear | Villager (Male) |
| 15:23 | Construir | Farm |
| 15:23 | Construir | Farm |
| 15:24 | Construir | Farm |
| 15:24 | Construir | Farm |
| 15:36 | Construir | Farm |
| 15:45 | Crear | Villager (Male) |
| 15:50 | Construir | Farm |
| 15:52 | Crear | Villager (Male) |
| 16:19 | Construir | Farm |
| 16:43 | Construir | Palisade Wall |
| 16:45 | Construir | Farm |
| 16:46 | Construir | Farm |
| 17:04 | Construir | Lumber Camp |
| 17:21 | Construir | Farm |
| 17:28 | Construir | Farm |
| 17:29 | Crear | Villager (Male) |
| 17:46 | Investigar | Forging |
| 17:57 | Construir | Mining Camp |
| 17:58 | Crear | Villager (Male) |
| 18:02 | Crear | Villager (Male) |
| 18:02 | Crear | Villager (Male) |
| 18:02 | Crear | Villager (Male) |
| 18:02 | Crear | Villager (Male) |
| 18:02 | Crear | Villager (Male) |
| 18:32 | Crear | Spearman |
| 18:47 | Construir | Farm |
| 18:47 | Construir | Farm |
| 18:47 | Construir | Farm |
| 18:47 | Construir | Farm |
| 18:47 | Construir | Farm |
| 18:49 | Construir | House |
| 18:55 | Crear | Villager (Male) |
| 19:19 | Construir | Farm |
| 19:27 | Investigar | Wheelbarrow |
| 19:39 | Construir | Farm |
| 19:49 | Construir | Farm |
| 19:49 | Construir | Farm |
| 21:16 | Investigar | Castle Age |
| 21:16 | Investigar | Gold Mining |
| 21:16 | Investigar | Gold Mining |
| 21:18 | Investigar | Scale Barding Armor |
| 22:12 | Construir | Stable |
| 22:19 | Construir | Stable |
| 22:24 | Investigar | Bloodlines |
| 22:30 | Construir | Palisade Gate |
| 22:56 | Crear | Scout Cavalry |
| 23:26 | Construir | Farm |
| 23:42 | Construir | House |
| 23:44 | Construir | Palisade Wall |
| 23:46 | Construir | House |
| 23:58 | Edad | Edad de los Castillos |
| 24:00 | Crear | Villager (Male) |
| 24:03 | Crear | Knight |
| 24:03 | Crear | Knight |
| 24:03 | Crear | Knight |
| 24:04 | Investigar | Chain Barding Armor |
| 24:05 | Investigar | Husbandry |
| 24:07 | Investigar | Iron Casting |
| 24:09 | Crear | Villager (Male) |
| 24:20 | Crear | Villager (Male) |
Cronología de la partida
| 0:12 | [PyV] Guillermo Moreno · first_building Barracks |
| 4:33 | Pinguica12 · wall_segment Palisade Wall x1 |
| 4:57 | Pinguica12 · wall_segment Palisade Wall x1 |
| 4:59 | Pinguica12 · wall_segment Palisade Wall x1 |
| 5:11 | DiegoRH7955 · wall_segment Palisade Wall x1 |
| 5:13 | DiegoRH7955 · wall_segment Palisade Wall x1 |
| 7:31 | panzasmagno · first_building Barracks |
| 7:57 | DiegoRH7955 · wall_segment Palisade Wall x1 |
| 7:59 | DiegoRH7955 · wall_segment Palisade Wall x1 |
| 8:02 | DiegoRH7955 · wall_segment Palisade Wall x1 |
| 8:07 | DiegoRH7955 · wall_segment Palisade Wall x1 |
| 8:08 | DiegoRH7955 · wall_segment Palisade Wall x1 |
| 8:18 | Pinguica12 · first_building Barracks |
| 8:32 | DiegoRH7955 · first_building Barracks |
| 8:32 | Pinguica12 · wall_segment Palisade Wall x11 |
| 8:46 | panzasmagno · wall_segment Palisade Wall x1 |
| 8:58 | Pinguica12 · age_up feudal |
| 9:03 | Pinguica12 · first_building Stable |
| 9:06 | Pinguica12 · wall_segment Palisade Wall x11 |
| 9:28 | panzasmagno · age_up feudal |
| 9:51 | panzasmagno · first_building Archery Range |
| 10:03 | DiegoRH7955 · first_building Stable |
| 10:20 | panzasmagno · wall_segment Palisade Wall x1 |
| 10:32 | [PyV] Guillermo Moreno · age_up feudal |
| 10:39 | Pinguica12 · wall_segment Palisade Wall x3 |
| 10:42 | DiegoRH7955 · wall_segment Palisade Wall x1 |
| 10:43 | [PyV] Guillermo Moreno · first_building Stable |
| 11:08 | Pinguica12 · wall_segment Palisade Wall x1 |
| 11:09 | Pinguica12 · wall_segment Palisade Wall x1 |
| 11:11 | Pinguica12 · wall_segment Palisade Wall x1 |
| 11:12 | Pinguica12 · wall_segment Palisade Wall x1 |
| 11:13 | Pinguica12 · wall_segment Palisade Wall x1 |
| 12:14 | DiegoRH7955 · wall_segment Palisade Wall x1 |
| 12:16 | DiegoRH7955 · wall_segment Palisade Wall x1 |
| 12:18 | DiegoRH7955 · wall_segment Palisade Wall x1 |
| 12:20 | DiegoRH7955 · wall_segment Palisade Wall x1 |
| 12:20 | [PyV] Guillermo Moreno · wall_segment Palisade Wall x1 |
| 12:21 | [PyV] Guillermo Moreno · wall_segment Palisade Wall x1 |
| 12:21 | [PyV] Guillermo Moreno · wall_segment Palisade Wall x1 |
| 12:21 | [PyV] Guillermo Moreno · wall_segment Palisade Wall x1 |
| 12:26 | [PyV] Guillermo Moreno · wall_segment Palisade Wall x9 |
| 12:27 | Pinguica12 · wall_segment Palisade Wall x1 |
| 13:44 | [PyV] Guillermo Moreno · wall_segment Palisade Wall x6 |
| 13:48 | [PyV] Guillermo Moreno · wall_segment Palisade Wall x8 |
| 13:55 | [PyV] Guillermo Moreno · wall_segment Palisade Wall x11 |
| 15:21 | [PyV] Guillermo Moreno · wall_segment Palisade Wall x19 |
| 15:45 | DiegoRH7955 · wall_segment Palisade Wall x1 |
| 15:46 | DiegoRH7955 · wall_segment Palisade Wall x1 |
| 16:28 | panzasmagno · wall_segment Palisade Wall x5 |
| 16:30 | panzasmagno · wall_segment Palisade Wall x9 |
| 16:37 | panzasmagno · wall_segment Palisade Wall x6 |
| 16:43 | [PyV] Guillermo Moreno · wall_segment Palisade Wall x1 |
| 16:47 | Pinguica12 · wall_segment Palisade Wall x3 |
| 17:14 | Pinguica12 · wall_segment Palisade Wall x1 |
| 17:30 | panzasmagno · wall_segment Palisade Wall x13 |
| 17:47 | panzasmagno · wall_segment Palisade Wall x1 |
| 17:54 | Pinguica12 · wall_segment Palisade Wall x3 |
| 18:28 | Pinguica12 · wall_segment Palisade Wall x6 |
| 18:34 | panzasmagno · wall_segment Palisade Wall x1 |
| 18:42 | DiegoRH7955 · wall_segment Palisade Wall x1 |
| 18:44 | Pinguica12 · wall_segment Palisade Wall x2 |
| 18:50 | panzasmagno · wall_segment Palisade Wall x3 |
| 18:50 | DiegoRH7955 · first_market_buy 100 food |
| 18:54 | panzasmagno · wall_segment Palisade Wall x1 |
| 18:56 | panzasmagno · wall_segment Palisade Wall x1 |
| 19:02 | DiegoRH7955 · wall_segment Palisade Wall x1 |
| 19:03 | DiegoRH7955 · wall_segment Palisade Wall x1 |
| 20:26 | panzasmagno · first_market_sell 100 wood |
| 20:27 | panzasmagno · first_market_buy 100 food |
| 20:49 | Pinguica12 · wall_segment Palisade Wall x5 |
| 21:28 | Pinguica12 · wall_segment Palisade Wall x3 |
| 22:18 | Pinguica12 · wall_segment Palisade Wall x17 |
| 22:36 | DiegoRH7955 · wall_segment Palisade Wall x7 |
| 23:34 | Pinguica12 · wall_segment Palisade Wall x1 |
| 23:37 | Pinguica12 · wall_segment Palisade Wall x1 |
| 23:44 | [PyV] Guillermo Moreno · wall_segment Palisade Wall x1 |
| 23:46 | DiegoRH7955 · first_building Monastery |
| 23:58 | [PyV] Guillermo Moreno · age_up castle |
| 24:02 | Pinguica12 · wall_segment Palisade Wall x1 |
| 24:05 | panzasmagno · age_up castle |
| 24:23 | DiegoRH7955 · wall_segment Palisade Wall x7 |
| 24:28 | [PyV] Guillermo Moreno · first_building Monastery |
| 25:22 | Pinguica12 · first_market_sell 500 stone |
| 25:23 | Pinguica12 · first_market_buy 100 food |
| 25:35 | Pinguica12 · wall_segment Palisade Wall x1 |
| 29:04 | Pinguica12 · wall_segment Palisade Wall x1 |
| 29:36 | Pinguica12 · age_up castle |
| 29:40 | Pinguica12 · first_building Siege Workshop |
| 31:51 | Pinguica12 · wall_segment Stone Wall x10 |
| 32:18 | panzasmagno · wall_segment Palisade Wall x1 |
| 34:12 | Pinguica12 · wall_segment Palisade Wall x1 |
| 34:26 | Pinguica12 · wall_segment Stone Wall x4 |
| 34:27 | Pinguica12 · wall_segment Stone Wall x5 |
| 34:41 | panzasmagno · first_building Stable |
| 35:09 | Pinguica12 · wall_segment Palisade Wall x3 |
| 35:48 | [PyV] Guillermo Moreno · first_building Siege Workshop |
| 37:02 | Pinguica12 · wall_segment Palisade Wall x2 |
| 37:55 | DiegoRH7955 · wall_segment Palisade Wall x1 |
| 38:22 | panzasmagno · first_building Castle |
| 38:47 | Pinguica12 · wall_segment Palisade Wall x1 |
| 38:50 | Pinguica12 · wall_segment Palisade Wall x3 |
| 39:35 | DiegoRH7955 · first_building Castle |
| 40:30 | [PyV] Guillermo Moreno · first_building Castle |
| 41:12 | Pinguica12 · wall_segment Palisade Wall x1 |
| 41:22 | Pinguica12 · first_building Monastery |
| 41:36 | DiegoRH7955 · wall_segment Stone Wall x8 |
| 42:17 | [PyV] Guillermo Moreno · wall_segment Stone Wall x1 |
| 42:19 | [PyV] Guillermo Moreno · wall_segment Stone Wall x1 |
| 43:35 | panzasmagno · age_up imperial |
| 44:56 | Pinguica12 · wall_segment Stone Wall x8 |
| 45:01 | Pinguica12 · wall_segment Stone Wall x10 |
| 45:17 | [PyV] Guillermo Moreno · age_up imperial |
| 46:50 | DiegoRH7955 · first_building Siege Workshop |
| 46:51 | [PyV] Guillermo Moreno · first_market_buy 100 wood |
| 47:49 | [PyV] Guillermo Moreno · wall_segment Stone Wall x9 |
| 50:25 | [PyV] Guillermo Moreno · wall_segment Stone Wall x1 |
| 51:18 | Pinguica12 · first_building Castle |
| 54:24 | Pinguica12 · tribute_sent a jugador 1 |
| 54:24 | Pinguica12 · tribute_sent a jugador 3 |
| 54:24 | Pinguica12 · tribute_sent a jugador 4 |
| 54:51 | Pinguica12 · wall_segment Stone Wall x4 |
| 56:18 | DiegoRH7955 · first_market_sell 100 stone |
| 58:35 | Pinguica12 · wall_segment Stone Wall x23 |
| 58:39 | Pinguica12 · wall_segment Stone Wall x3 |
| 60:45 | DiegoRH7955 · wall_segment Stone Wall x9 |
| 62:37 | Pinguica12 · wall_segment Stone Wall x1 |
| 62:43 | [PyV] Guillermo Moreno · first_market_sell 100 food |
| 64:33 | Pinguica12 · first_building Archery Range |
| 65:31 | [PyV] Guillermo Moreno · wall_segment Stone Wall x1 |
| 65:32 | Pinguica12 · wall_segment Palisade Wall x1 |
| 65:34 | Pinguica12 · wall_segment Palisade Wall x1 |
| 65:52 | panzasmagno · tribute_sent a jugador 2 |
| 65:52 | panzasmagno · tribute_sent a jugador 3 |
| 65:52 | panzasmagno · tribute_sent a jugador 4 |
| 66:23 | Pinguica12 · resign |
[ ANÁLISIS IA · 1 CRÉDITO ]
¿Qué pasó realmente en esta partida?
Wolo.gg analiza cada decisión: build order, eco, micro, errores típicos por bracket. Análisis personalizado por WhatsApp o Discord en 30 segundos.
Guía civ
Japoneses
Perfil
Jugador #23096371